 Dungeon Crawl Stone Soup version 0.31-a0-986-g5e6e4ef867 (webtiles) character file.

Game seed: 12571944018172020924

688 croobank the Sneak (level 7, -3/47 (55) HPs)
             Began as a Demonspawn Delver on Nov 18, 2023.
             Was an Initiate of Gozag.
             Slain by a wight
             ... wielding a +4 dire flail
              (12 damage)
             ... on level 6 of the Dungeon on Nov 19, 2023.
             The game lasted 00:18:39 (5309 turns).

croobank the Sneak (Demonspawn Delver)              Turns: 5309, Time: 00:18:40

HP:   -3/47 (55)    AC:  9    Str: 10 (12) XL:     7   Next: 36%
MP:   6/9           EV: 12    Int: 11 (14) God:    Gozag
Gold: 256           SH:  0    Dex: 13 (14) Spells: 4/8 levels left

rFire   . . .        a - +0 short sword
rCold   . . .        (no shield)
rNeg    . . .        b - +0 leather armour
rPois   .            f - +0 helmet
rElec   .            (no cloak)
rCorr   .            u - +1 pair of gloves
SInv    +            s - +2 pair of boots
Will    .....        (no amulet)
Stlth   +++          i - ring of wizardry
HPRegen 0.27/turn    l - ring of see invisible
MPRegen 0.11/turn

%: wizardry (x1)
@: about to teleport, heavily drained
A: claws 1, powered by death 3
a: Renounce Religion, Potion Petition, Call Merchant, Bribe Branch


You were on level 6 of the Dungeon.
You worshipped Gozag.
Gozag was aware of your devotion.
You visited 2 branches of the dungeon, and saw 7 of its levels.

You collected 779 gold pieces.
You spent 462 gold pieces at shops.
You paid 61 gold pieces to Gozag.

Inventory:

Hand Weapons
 a - a +0 short sword (weapon)
 e - a -1 sling
 p - a +1 war axe of freezing
Armour
 b - a +0 leather armour (worn)
 f - a +0 helmet (worn)
 o - a +0 ring mail
 s - a +2 pair of boots (worn)
 u - a +1 pair of gloves (worn)
Magical Staves
 B - a staff of cold
 D - a staff of earth
Jewellery
 i - a ring of wizardry (left hand)
 l - a ring of see invisible (right hand)
 t - a ring of protection from fire
Wands
 g - a wand of digging (2)
 k - a wand of polymorph (4)
Scrolls
 c - a scroll of fog
 d - a scroll of revelation
 j - 2 scrolls of poison
 m - 3 scrolls of vulnerability {unknown}
 n - a scroll of noise {unknown}
 r - 2 scrolls of fear
 v - 2 scrolls of enchant weapon
 w - 2 scrolls of torment
 y - a scroll of immolation {unknown}
Potions
 q - 3 potions of attraction
 x - a potion of brilliance
 z - a potion of degeneration


   Skills:
 + Level 4.8 Fighting
 + Level 3.9 Short Blades
 + Level 3.8 Dodging
 + Level 5.9 Stealth
 * Level 1.3 Spellcasting
 * Level 1.5 Hexes


You had 4 spell levels left.
You knew the following spells:

 Your Spells              Type           Power      Damage    Failure   Level
a - Slow                  Hex            16%        N/A       9%          1
b - Confusing Touch       Hex            4%         N/A       26%         3

Your spell library contained the following spells:

 Spells                   Type           Power      Damage    Failure   Level
 Apportation              Tloc           0%         N/A       16%         1
 Necrotise                Necr           0%         1d4       16%         1
 Summon Small Mammal      Summ           0%         N/A       16%         1
 Sigil of Binding         Hex            4%         N/A       26%         3
 Vampiric Draining        Necr           0%         2d6       43%         3


Dungeon Overview and Level Annotations

Branches:
Dungeon (6/15)             Temple (1/1) D:4

Altars:
Ashenzari
Cheibriados
Dithmenos
Gozag
Hepliaklqana
Kikubaaqudgha
Makhleb
Okawaru
Qazlal
Ru
Sif Muna
Trog
Uskayaw
Vehumet
Wu Jian
Xom

Shops:
D:5 *   D:6 (:**(

Annotations:
D:4 Sigmund


Innate Abilities, Weirdness & Mutations

You have sharp fingernails.
You regenerate a lot of health from kills.


Message History

You hit the wight but do no damage.
The wight is lightly damaged.
The wight hits you with a +4 dire flail.
* * * LOW HITPOINT WARNING * * *
You feel drained.
You barely miss the wight.
The wight is lightly damaged.
The wight closely misses you.
You hit the wight.
The wight is moderately damaged.
Okay, then.
As you read the scroll labelled EHOLAFOMAM, it crumbles to dust.
It is a scroll of enchant armour.
Your +1 pair of boots glows green for a moment.
The wight seems less confused.
It was a potion of degeneration.
There was something very wrong with that liquid.
You feel weakened.
You feel dopey.
You feel clumsy. The wight closely misses you.
It was a potion of heal wounds.
You feel much better.
The wight hits you with a +4 dire flail!
You feel drained.
You closely miss the wight.
The wight is moderately damaged.
You hit the wight.
The wight is heavily damaged.
The wight closely misses you.
You barely miss the wight.
The wight is heavily damaged.
The wight hits you with a +4 dire flail!
* * * LOW HITPOINT WARNING * * *
You feel drained.
* * * LOW HITPOINT WARNING * * *
Okay, then.
As you read the scroll of teleportation, it crumbles to dust.
You feel strangely unstable. The wight misses you.
The wight attacks as it pursues you!
The wight hits you with a +4 dire flail!
You die...
Your body crumbles into a pile of gold.

..# #.# #.∩.#
..# #.# #∩∩∩####
..# #.# #.∩....#
### ##
#.#######..###.#
z## #.........##
#.# ≈ ..
#########.# #.#
≈.≈ #. #.# #>#
≈.≈≈≈#.######
#.# #.#
.∩.......z@.##
#.# #.#
≈.≈≈≈.#####..#
#.# #.# ≈.≈≈≈
#)∩####.# #.#
≈.≈≈ #......∩#
.##
#.......######
........(
######..## #..#
#..#


You could see a wight.

Vanquished Creatures
  A water moccasin (D:6)
  A black bear (D:5)
  An ogre (D:4)
  A scorpion (D:6)
  A wight (D:6)
  2 hounds
  An iguana (D:5)
  7 gnolls
  6 adders
  5 dart slugs
  8 orcs
  6 endoplasms
  6 giant cockroaches
  5 hobgoblins
  3 jackals (D:1)
  4 kobolds
  2 quokkas
  5 ball pythons
  3 bats
  2 frilled lizards
  9 goblins
  4 rats
83 creatures vanquished.

Notes
Turn   | Place    | Note
-------+----------+-------------------------------------------
     0 | D:5      | croobank the Demonspawn Delver began the quest for the Orb.
     0 | D:5      | Reached XP level 1. HP: 18/18 MP: 1/1
    30 | D:6      | Gained mutation: You regenerate a little health from kills.
                  | [demonic ancestry]
    30 | D:6      | Reached XP level 2. HP: 17/24 MP: 2/2
   230 | D:5      | Found Ditiadeniv's Antique Armour Emporium.
   235 | D:5      | Found a shadowy altar of Dithmenos.
   246 | D:5      | Found a radiant altar of Vehumet.
   288 | D:5      | Gained mutation: You regenerate health from kills. [demonic
                  | ancestry]
   288 | D:5      | Reached XP level 3. HP: 24/29 MP: 3/3
   360 | D:5      | Found Bauturch's Overcharged Wands.
   362 | D:5      | Noticed a black bear
   457 | D:4      | Found a sacrificial altar of Ru.
   503 | D:4      | Found a staircase to the Ecumenical Temple.
   523 | Temple   | Entered the Ecumenical Temple
   530 | Temple   | Became a worshipper of Gozag Ym Sagoz the Greedy
   632 | D:4      | Noticed Sigmund
   633 | D:4      | Noticed an ogre
   753 | D:4      | Reached XP level 4. HP: 35/35 MP: 4/4
  1038 | D:1      | Reached skill level 5 in Stealth
  2472 | D:2      | Gained mutation: You regenerate a lot of health from kills.
                  | [demonic ancestry]
  2472 | D:2      | Reached XP level 5. HP: 42/42 MP: 5/5
  3506 | D:3      | Learned a level 3 spell: Confusing Touch
  3508 | D:3      | Learned a level 1 spell: Slow
  3547 | D:4      | Killed an ogre
  3548 | D:4      | Reached XP level 6. HP: 28/49 MP: 2/6
  4752 | D:6      | Found Vatan's Weapon Boutique.
  4753 | D:6      | Noticed a water moccasin
  4757 | D:6      | Gained mutation: You have sharp fingernails. [demonic
                  | ancestry]
  4757 | D:6      | Reached XP level 7. HP: 55/55 MP: 7/7
  4796 | D:6      | Reached skill level 1 in Spellcasting
  4796 | D:6      | Reached skill level 1 in Hexes
  5035 | D:6      | Found Bygoph's Antique Weapon Boutique.
  5201 | D:6      | Found Fahianol's Assorted Antiques.
  5208 | D:6      | Found Virrept's General Store.
  5209 | D:6      | Bought a scroll of teleportation for 63 gold pieces
  5209 | D:6      | Bought a scroll of identify for 42 gold pieces
  5216 | D:6      | Bought a scroll of enchant weapon for 82 gold pieces
  5216 | D:6      | Bought a staff of earth for 275 gold pieces
  5287 | D:6      | Found Fexouquff's Self-Improvement Boutique.
  5309 | D:6      | Slain by a wight

Illustrated notes

Levels and vault maps discovered:
D:1:      minmay_arrival_split_and_join, layout_rooms, minmay_unequal
D:2:      wander_river, layout_loops_ring, grunt_decor_mini_mirrors
D:3:      layout_loops_ring
D:4:      layout_basic, nicolae_ru_sacrificial_ziggurat,
          minmay_temple_entry_drinking_statues, uniq_sigmund
D:5:      wad_lake_hut, layout_basic, grunt_temple_overflow_open, serial_shops,
          nicolae_shop_tiny_real_fake_doors, chequers_serial_rivers_small_a,
          nicolae_shop_overcharged_wands
D:6:      kennysheep_kobold_camp, layout_loops_ring, nemelex_dance_club_becter,
          kennysheep_ying_yang, serial_shops, shop, nicolae_shop_dealshenge,
          shop, nicolae_shop_scrapyard, shop, nicolae_shop_self_help,
          uniq_menkaure
Temple:   nicolae_temple_superstar

Skill      XL: |  1  2  3  4  5  6  7 |
---------------+----------------------+-----
Short Blades   | 2 3 |  3.9
Dodging        | 2 3 |  3.8
Stealth        | 5 |  5.9
Fighting       | 4 |  4.8
Spellcasting   | 1 |  1.3
Hexes          | 1 |  1.5

Action                     |  1- 3 |  4- 6 |  7- 9 || total
---------------------------+-------+-------+-------++-------
  Melee: Short sword       |    31 |   376 |    72 ||   479
         Punch             |       |     2 |     1 ||     3
   Cast: Slow              |       |     6 |     4 ||    10
         Confusing Touch   |       |     1 |     2 ||     3
  Evoke: Wand              |       |     1 |       ||     1
    Use: Potion            |     2 |     2 |     3 ||     7
         Scroll            |     2 |     8 |     3 ||    13
   Stab: Sleeping          |     7 |    12 |       ||    19
         Distracted        |       |     2 |       ||     2
         Confused          |       |       |     2 ||     2
 Armour: Leather armour    |    14 |   211 |    33 ||   258
         Skin              |       |       |     3 ||     3
  Dodge: Dodged            |     9 |   229 |    31 ||   269

Table legend: (Time is in decaauts)
 A = Elapsed time spent in this place.
 B = Non-inter-level travel time spent in this place.
 C = Inter-level travel time spent in this place.
 D = Time resting spent in this place.
 E = Time spent auto-exploring this place.
 F = Levels seen in this place.
 G = Mean time per level.
                   A        B        C        D        E       F      G
               +--------+--------+--------+--------+--------+-----+--------+
         Total |   5244 |   5147 |     97 |   1434 |   2133 |   7 |  749.1 |
       Dungeon |   5229 |   5139 |     90 |   1434 |   2133 |   6 |  871.5 |
        Temple |     14 |      7 |      7 |      0 |      0 |   1 |   14.0 |
               +--------+--------+--------+--------+--------+-----+--------+

Top non-repeatable levels by time:
     D:2: 1103 daAuts
     D:4: 956 daAuts
     D:5: 948 daAuts
     D:1: 850 daAuts
     D:3: 741 daAuts
     D:6: 630 daAuts
  Temple: 14 daAuts
